 Dungeon Crawl Stone Soup version 0.27-a0-1219-g958d993ae5 (webtiles) character file.

Game seed: 4803603012525616528

44 polve the Cutter (level 3, -3/29 HPs)
             Began as a Demonspawn Abyssal Knight on June 6, 2021.
             Was a Follower of Lugonu.
             Slain by a worm (9 damage)
             ... on level 2 of the Dungeon.
             The game lasted 00:01:02 (1560 turns).

polve the Cutter (Demonspawn Abyssal Knight)        Turns: 1560, Time: 00:01:03

Health: -3/29      AC:  3    Str: 13    XL:     3   Next: 39%
Magic:  4/4        EV: 11    Int: 13    God:    Lugonu [*.....]
Gold:   94         SH:  0    Dex: 12    Spells: 2/2 levels left

rFire    . . .     SeeInvis .   a - +1 short sword
rCold    . . .     Faith    .   (no shield)
rNeg     . . .     Spirit   .   b - +0 leather armour
rPois    .         Reflect  .   (no helmet)
rElec    .         Harm     .   (no cloak)
rCorr    .         Rampage  .   (no gloves)
Will     .....                  (no boots)
Stlth    +.........             (no amulet)
HPRegen  0.09/turn              (no ring)
MPRegen  0.09/turn              (no ring)

@: no status effects
A: hooves 1, demonic guardian 1
a: Renounce Religion, Depart the Abyss


You were on level 2 of the Dungeon.
You worshipped Lugonu.
Lugonu was aware of your devotion.
You visited 1 branch of the dungeon, and saw 2 of its levels.
You visited the Abyss 1 time.

You collected 94 gold pieces.

Inventory:

Hand Weapons
 a - a +1 short sword (weapon)
Armour
 b - a +0 leather armour (worn)
Scrolls
 c - a scroll of vulnerability {unknown}
 d - 4 scrolls of identify {unknown}
Potions
 e - a potion of lignification {unknown}


   Skills:
 - Level 3.0 Fighting
 + Level 3.5 Short Blades
 - Level 1.7 Armour
 - Level 0.8 Dodging
 - Level 2.4 Invocations


You had 2 spell levels left.
You didn't know any spells.
Your spell library was empty.

Dungeon Overview and Level Annotations

Branches:
Dungeon (2/15)

Altars:

Shops:
D:1 [(=


Innate Abilities, Weirdness & Mutations

You have large cloven feet.
A weak demonic guardian rushes to your aid.


Message History

Lugonu accepts your kill.
You hit the hobgoblin.
The hobgoblin is severely wounded.
The hobgoblin barely misses you.
You hit the hobgoblin.
You kill the hobgoblin!
Lugonu accepts your kill.
You hit the endoplasm.
The endoplasm is moderately wounded.
The endoplasm freezes you.
You are frozen.
You puncture the endoplasm!
You kill the endoplasm!
Lugonu accepts your kill.
You hit the kobold.
You kill the kobold!
Lugonu accepts your kill.
You swing at nothing.
You hit the worm.
The worm is moderately wounded.
You hit the worm. You kick the worm.
The worm is moderately wounded.
The worm barely misses you.
You hit the worm.
The worm is severely wounded.
You hit the worm. Your kick misses the worm.
The worm is almost dead.
The worm bites you!
* * * LOW HITPOINT WARNING * * *
You hit the worm.
You kill the worm!
Lugonu accepts your kill.
You swing at nothing.
You barely miss the worm. The worm bites you.
* * * LOW HITPOINT WARNING * * *
You completely miss the worm. You hit the worm. Your kick misses the worm.
The worm is lightly wounded.
The worm bites you!
You die...

. #. ..# .. .. .#.# #.
#w## ... ##.##.....#
....w.#.#
#.....###########
#.#.# #.........#
.###...###.........#
........w@..........#
...#..#####.........#
...... #.........#
...... #......>..###
.J... ##..>.......#
.###.#####
#...†......# #.....#
#...<......#
####.##.###..........#
#....................#


You could see a worm.

Vanquished Creatures
  An adder (D:1)
  A worm (D:2)
  5 endoplasms
  3 goblins (D:1)
  5 hobgoblins
  6 bats
  A frilled lizard (D:1)
  4 kobolds
  2 rats
28 creatures vanquished.

Notes
Turn   | Place    | Note
-------+----------+-------------------------------------------
     0 | Abyss:1  | polve the Demonspawn Abyssal Knight began the quest for the
                  | Orb.
     0 | Abyss:1  | Reached XP level 1. HP: 18/18 MP: 2/2
    24 | Abyss:1  | Found a corrupted altar of Lugonu.
    53 | Abyss:1  | Noticed a smoke demon
    59 | D:1      | Escaped the Abyss
   350 | D:1      | Found Akkedd's Jewellery Emporium.
   385 | D:1      | Gained mutation: You have large cloven feet. [demonic
                  | ancestry]
   385 | D:1      | Reached XP level 2. HP: 16/24 MP: 3/3
   582 | D:1      | Found Dimacliz's Antique Weapon Shoppe.
   587 | D:1      | Reached * piety under Lugonu
   912 | D:1      | Found Ytounnack's Antique Armour Boutique.
  1323 | D:1      | Gained mutation: A weak demonic guardian rushes to your
                  | aid. [demonic ancestry]
  1323 | D:1      | Reached XP level 3. HP: 14/29 MP: 4/4
  1560 | D:2      | Slain by a worm

Illustrated notes

Levels and vault maps discovered:
D:1:      nzn_arrival_settlement, layout_loops_ring, serial_shops, shop_statue,
          nicolae_shop_overgrown_old_shop, nicolae_shop_waterfront
D:2:      layout_rooms, hellmonk_ecumenical_altar_heavens_door, serial_shops,
          nicolae_shop_statue_plus, mrwooster_statue_mirror,
          minmay_fractal_squares_5

Skill      XL: |  1  2 |
---------------+-------+-----
Short Blades   | 2 3 |  3.5
Fighting       | |  3.0
Armour         | |  1.7
Dodging        | |  0.8
Invocations    | |  2.4

Action                   || total
-------------------------++-------
Melee: Short sword       ||    98
       Kick              ||    10
Invok: Depart the Abyss  ||     1
  Use: Potion            ||     1
Armor: Leather armour    ||    36
Dodge: Dodged            ||    73

Table legend: (Time is in decaauts)
 A = Elapsed time spent in this place.
 B = Non-inter-level travel time spent in this place.
 C = Inter-level travel time spent in this place.
 D = Time resting spent in this place.
 E = Time spent auto-exploring this place.
 F = Levels seen in this place.
 G = Mean time per level.
                   A        B        C        D        E       F      G
               +--------+--------+--------+--------+--------+-----+--------+
         Total |   1558 |   1527 |     31 |      0 |   1261 |   3 |  519.3 |
       Dungeon |   1499 |   1468 |     31 |      0 |   1209 |   2 |  749.5 |
         Abyss |     59 |     59 |      0 |      0 |     52 |   1 |   59.0 |
               +--------+--------+--------+--------+--------+-----+--------+

Top non-repeatable levels by time:
     D:1: 1420 daAuts
     D:2: 78 daAuts
 Abyss:1: 59 daAuts
